 Dungeon Crawl Stone Soup version 0.18-b1-16-g289874d (webtiles) character file.

385 otab the Skirmisher (level 6, 0/57 HPs)
             Began as a Naga Fighter on May 1, 2016.
             Was a Follower of Cheibriados.
             Slain by an orc
             ... wielding a +2 flail of protection
              (2 damage)
             ... on level 3 of the Dungeon.
             The game lasted 00:03:45 (2168 turns).

otab the Skirmisher (Naga Fighter)                  Turns: 2168, Time: 00:03:46

Health: 0/57       AC:  5    Str: 22    XL:     6   Next: 77%
Magic:  6/6        EV:  7    Int: 18    God:    Cheibriados [*.....]
Gold:   115        SH:  9    Dex: 13    Spells: 0 memorised, 5 levels left

rFire  . . .     SeeInvis +     a - +0 long sword
rCold  + . .     Gourm    .     e - +0 ring mail {rC+}
rNeg   . . .     Faith    .     c - +0 shield
rPois  +         Spirit   .     (no helmet)
rElec  .         Dismiss  .     (no cloak)
rCorr  .         Reflect  .     (no gloves)
SustAt .         Harm     .     (no barding)
MR     .....                    (no amulet)
Stlth  +.........               (no ring)
                                (no ring)

@: brilliant, very slow, not resistant to hostile enchantments, very unstealthy
A: see invisible, deformed body, poison resistance, slowness 2, slow metabolism
1, spit poison 2, AC +2
a: Spit Poison, Bend Time, Renounce Religion


You were on level 3 of the Dungeon.
You worshipped Cheibriados.
Cheibriados was aware of your devotion.
You were hungry.

You visited 1 branch of the dungeon, and saw 3 of its levels.

You collected 115 gold pieces.

Inventory:

Hand Weapons
 a - a +0 long sword (weapon)
 o - a +0 lajatang
Armour
 b - a +0 scale mail
 c - a +0 shield (worn)
 e - a +0 ring mail of cold resistance (worn)
Jewellery
 u - an uncursed ring of sustain attributes {unknown}
Scrolls
 d - a scroll of amnesia {unknown}
 g - 3 scrolls of identify {unknown}
 i - 3 scrolls of remove curse {unknown}
 j - a scroll of enchant armour {unknown}
 k - a scroll of magic mapping {unknown}
 l - a scroll of recharging {unknown}
 p - a scroll of fog {unknown}
 q - a scroll of fear {unknown}
 r - a scroll of teleportation {unknown}
Comestibles
 f - a bread ration
 n - a meat ration


   Skills:
 + Level 4.0 Fighting
 * Level 3.8 Long Blades
 + Level 3.9 Armour
 + Level 1.7 Dodging
 + Level 3.2 Shields


You had 5 spell levels left.
You didn't know any spells.

Dungeon Overview and Level Annotations

Branches:
Dungeon (3/15)

Altars:
Cheibriados
Elyvilon
Gozag
Trog


Innate Abilities, Weirdness & Mutations

You cannot wear boots.
Your serpentine skin is tough (AC +2).
You have supernaturally acute eyesight.
Armour fits poorly on your strangely shaped body.
Your system is resistant to poisons.
You cover ground very slowly.
You have a slow metabolism.
You can spit poison.


Message History

Unknown command.
You slash the orc priest!
You kill the orc priest!
Cheibriados appreciates the change of pace.
The giant gecko bites you.
* * * LOW HITPOINT WARNING * * *
Unknown command.
The giant gecko bites you.
* * * LOW HITPOINT WARNING * * *
You block the giant gecko's attack.
The giant gecko bites you but does no damage.
You block the giant gecko's attack. You block the giant gecko's attack.
You block the giant gecko's attack. The giant gecko bites you.
* * * LOW HITPOINT WARNING * * *
You block the orc's attack.
The giant gecko bites you but does no damage. x2
The orc hits you with a flail of protection.
You die...

### #########
##.####.......#
##.....#.##.##.#####
##..................#
###.........##.##.###.#
#.........#.#####.###.###
#.###....##..(.@ol..)...#
#.# #..##########o.##.#.#
##.###>## #..##.#.#
.......# #.......#
##....## #..#.##.#
.##...# #..#.##.# .#
...... #.......# .#
....## #.##<##.# ## ....#
#.##)# #


You could see 2 orcs and a giant gecko.

Vanquished Creatures
  The ghost of bollicks1999 the Covert, an amateur OpAs (D:3)
  An orc priest (D:3)
  An orc wizard (D:3)
  3 gnolls (D:2)
  6 adders
  A worm (D:3)
  A dart slug (D:1)
  2 giant geckos (D:2)
  4 orcs (D:3)
  A ball python (D:3)
  3 bats (D:1)
  A giant cockroach (D:1)
  7 goblins
  6 hobgoblins
  3 jackals (D:1)
  A quokka (D:2)
  3 giant newts (D:2)
  4 kobolds
  14 rats
63 creatures vanquished.

Notes
Turn   | Place    | Note
--------------------------------------------------------------
     0 | D:1      | otab the Naga Fighter began the quest for the Orb.
     0 | D:1      | Reached XP level 1. HP: 21/21 MP: 1/1
   136 | D:1      | Reached XP level 2. HP: 21/28 MP: 2/2
   427 | D:1      | Reached XP level 3. HP: 29/34 MP: 3/3
   658 | D:2      | Found an opulent altar of Gozag.
   684 | D:2      | Reached skill level 1 in Dodging
   844 | D:2      | Reached XP level 4. HP: 33/42 MP: 4/4
  1047 | D:2      | Found a snail-covered altar of Cheibriados.
  1052 | D:2      | Found a bloodstained altar of Trog.
  1061 | D:2      | Found a white marble altar of Elyvilon.
  1096 | D:2      | Became a worshipper of Cheibriados the Contemplative
  1662 | D:3      | Noticed bollicks1999's ghost (amateur OpAs)
  1685 | D:3      | Killed bollicks1999's ghost
  1685 | D:3      | Reached XP level 5. HP: 9/50 MP: 5/5
  1685 | D:3      | Reached XP level 6. HP: 11/57 MP: 6/6
  1936 | D:2      | Reached * piety under Cheibriados
  2002 | D:3      | Reached skill level 4 in Fighting
  2166 | D:3      | HP: 1/57 [giant gecko (3)]
  2168 | D:3      | Slain by an orc

Skill      XL: |  1  2  3  4  5  6 |
---------------+-------------------+-----
Dodging        | 1 |  1.7
Armour         | 3 |  3.9
Long Blades    | 3 |  3.8
Shields        | 3 |  3.2
Fighting       | 4 |  4.0

Action                   |  1- 3 |  4- 6 || total
-------------------------+-------+-------++-------
Melee: Long sword        |    75 |   201 ||   276
 Abil: Spit Poison       |     1 |     1 ||     2
  Use: Potion            |     1 |     4 ||     5
  Eat: Chunk             |       |     3 ||     3
Armor: Ring mail         |    29 |    62 ||    91
Dodge: Dodged            |    27 |    58 ||    85
Block: Shield            |    46 |   104 ||   150
